 Dungeon Crawl Stone Soup version 0.25.0-9-g26727b657a (webtiles) character file.

Game seed: 16744189685095745937

374 mopl the Stinger (level 6, -5/36 HPs)
             Began as an Octopode Venom Mage on June 17, 2020.
             Killed from afar by an orc wizard (8 damage)
             ... with a magic dart
             ... on level 6 of the Dungeon.
             The game lasted 00:04:53 (2046 turns).

mopl the Stinger (Octopode Venom Mage)              Turns: 2046, Time: 00:04:55

Health: -5/36      AC:  8    Str:  5 (7)  XL:     6   Next: 72%
Magic:  3/11       EV: 12    Int: 17 (20) God:
Gold:   75         SH:  3    Dex: 10 (12) Spells: 3/12 levels left

rFire    . . .     SeeInvis .   c - +2 dagger (protect)
rCold    . . .     Gourm    .   m - +0 buckler (curse)
rNeg     . . .     Faith    .   (helmet restricted)
rPois    .         Spirit   .   (no amulet)
rElec    .         Reflect  .   (no ring)
rCorr    .         Harm     .   (no ring)
MR       .....                  (no ring)
Stlth    +++.......             (no ring)
HPRegen  0.12/turn              (no ring)
MPRegen  0.12/turn              (no ring)
                                (no ring)
                                (no ring)

@: protection aura
A: almost no armour, stealthy swim, amphibious, 8 rings, constrict 8, camouflage
1, gelatinous body 1
a: no special abilities


You were on level 6 of the Dungeon.
You were not hungry.

You visited 1 branch of the dungeon, and saw 4 of its levels.

You collected 75 gold pieces.

Inventory:

Hand Weapons
 c - a +2 dagger of protection (weapon)
 d - a +2 short sword of speed
Armour
 m - a cursed +0 buckler (worn)
Scrolls
 e - a scroll of enchant weapon {unknown}
 g - 5 scrolls of identify {unknown}
 h - a scroll of teleportation {unknown}
 i - a scroll of magic mapping {unknown}
 k - 2 scrolls of remove curse {unknown}
 l - a scroll of immolation {unknown}
Potions
 a - a potion of mutation {unknown}
 f - a potion of degeneration
 j - a potion of curing {unknown}
 n - a potion of invisibility {unknown}
Comestibles
 b - 3 rations
 o - 11 chunks of flesh


   Skills:
 - Level 2.0 Dodging
 - Level 2.6 Stealth
 + Level 1.4 Shields
 * Level 3.7 Spellcasting
 + Level 0.5 Conjurations
 + Level 2.5 Transmutations
 + Level 1.8 Fire Magic
 + Level 1.9 Air Magic
 * Level 5.4 Poison Magic


You had 3 spell levels left.
You knew the following spells:

 Your Spells              Type           Power        Failure   Level  Hunger
a - Sting                 Tmut/Pois      ###.         4%          1    None
b - Poisonous Vapours     Pois/Air       ###...       8%          2    ##.....
c - Ignite Poison         Fire/Tmut/Pois ##......     17%         3    ###....
d - Mephitic Cloud        Conj/Pois/Air  ##......     22%         3    ###....

Your spell library contained the following spells:

 Spells                   Type           Power        Failure   Level  Hunger
 Olgreb's Toxic Radiance  Pois           ###.....     24%         4    ####...


Dungeon Overview and Level Annotations

Branches:
Dungeon (3/15)

Altars:
Ashenzari
Sif Muna


Innate Abilities, Weirdness & Mutations

You cannot wear most types of armour.
You are very stealthy in the water. (Stealth+)
You are amphibious.
You can wear up to eight rings at the same time.
You can use your tentacles to constrict eight enemies at once.
Your skin changes colour to match your surroundings (Stealth+).
Your rubbery body absorbs attacks. (AC +1, EV +1)


Message History

The orc shouts!
You squeeze the orc wizard, but do no damage.
The orc wizard is moderately wounded.
You constrict the orc wizard. x2
The orc wizard hits you but does no damage. x3
The orc wizard casts a spell at you. The magic dart hits you.
* * * LOW HITPOINT WARNING * * *
You hit the orc wizard but do no damage.
The orc wizard is lightly wounded.
You constrict the orc wizard.
You constrict the orc wizard, but do no damage.
The orc wizard completely misses you. The orc wizard barely misses you.
You barely miss the orc wizard.
The orc wizard is lightly wounded.
You constrict the orc wizard. x2
The orc wizard hits you but does no damage. x2
The orc wizard casts a spell at you. The magic dart hits you!
You die...

... #### .... #####..###
#...# ##........# #....#
#.........## ##....#
##....†.....# #.....##
##...........###......##
#........@o..#..........
##.........o..o..........
#..............####.....#
#............### ....#
#............# .o..
#............# o..
#............# ..
#..........).# .
##...(.....÷.#


You could see 2 orc wizards and an orc.

Vanquished Creatures
  2 bullfrogs (D:6)
  A gnoll shaman (D:6)
  2 orc wizards (D:6)
  An orc priest (D:6)
  5 gnolls (D:6)
  2 adders (D:2)
  An ooze (D:2)
  A worm (D:2)
  A dart slug (D:1)
  A leopard gecko (D:6)
  3 orcs (D:6)
  4 bats
  A giant cockroach (D:2)
  3 hobgoblins (D:2)
  4 jackals (D:1)
  10 kobolds
  A quokka (D:2)
  2 ball pythons
  3 frilled lizards
  6 goblins
  15 rats
69 creatures vanquished.

Notes
Turn   | Place    | Note
-------+----------+-------------------------------------------
     0 | D:1      | mopl the Octopode Venom Mage began the quest for the Orb.
     0 | D:1      | Reached XP level 1. HP: 11/11 MP: 3/3
    77 | D:1      | Reached XP level 2. HP: 14/17 MP: 5/5
    81 | D:1      | Learned a level 2 spell: Poisonous Vapours
   100 | D:1      | Reached skill level 4 in Poison Magic
   736 | D:1      | Reached XP level 3. HP: 21/21 MP: 6/6
   746 | D:1      | Learned a level 3 spell: Ignite Poison
  1078 | D:2      | Reached skill level 1 in Air Magic
  1236 | D:2      | Reached XP level 4. HP: 27/27 MP: 8/8
  1317 | D:2      | Found a shimmering blue altar of Sif Muna.
  1679 | D:3      | Found a shattered altar of Ashenzari.
  1693 | D:3      | You fall into a shaft and drop 3 floors!
  1749 | D:6      | Noticed a bullfrog
  1757 | D:6      | Killed a bullfrog
  1757 | D:6      | Reached skill level 1 in Fire Magic
  1757 | D:6      | Reached XP level 5. HP: 31/31 MP: 2/9
  1838 | D:6      | Reached skill level 1 in Shields
  1838 | D:6      | Reached skill level 5 in Poison Magic
  1931 | D:6      | Reached XP level 6. HP: 33/36 MP: 11/11
  1936 | D:6      | Learned a level 3 spell: Mephitic Cloud
  2046 | D:6      | Killed from afar by an orc wizard

Illustrated notes

Levels and vault maps discovered:
D:1:      eino_arrival_druids_welcome, layout_basic, minivault_25,
          minmay_rat_gold_closets
D:2:      layout_loops_ring, led_sif_pool
D:3:      layout_rooms, lemuel_round_altar, evilmike_ruin_ashenzari,
          minmay_misc_feat_cross
D:6:      layout_cave_pods, uniq_sigmund

Skill      XL: |  1  2  3  4  5 |
---------------+----------------+-----
Poison Magic   | 4 5 |  5.4
Air Magic      | 1 |  1.9
Spellcasting   | 3 |  3.7
Transmutations | 2 |  2.5
Fire Magic     | 1 |  1.8
Shields        | 1 |  1.4
Dodging        | |  2.0
Stealth        | |  2.6
Conjurations   | |  0.5

Action                   |  1- 3 |  4- 6 || total
-------------------------+-------+-------++-------
Melee: Unarmed           |    13 |       ||    13
       Tentacles         |    10 |     9 ||    19
       Constrict         |    11 |    15 ||    26
       Dagger            |    49 |    59 ||   108
 Cast: Poisonous Vapours |     3 |    17 ||    20
       Sting             |     1 |     1 ||     2
  Use: Potion            |       |     1 ||     1
 Stab: Sleeping          |    19 |     3 ||    22
  Eat: Chunk             |     1 |     3 ||     4
Armor: Skin              |     1 |    14 ||    15
Dodge: Dodged            |    22 |    34 ||    56
Block: Buckler           |       |     4 ||     4
